 Dungeon Crawl Stone Soup version 0.19-a0-1225-gf887c1c (webtiles) character file.

4025 Deemzul the Carver (level 10, -3/108 HPs)
             Began as an Octopode Berserker on Aug 24, 2016.
             Was an Elder of Trog.
             Slain by a killer bee (8 damage)
             ... on level 8 of the Dungeon.
             The game lasted 00:07:17 (6446 turns).

Deemzul the Carver (Octopode Berserker)             Turns: 6446, Time: 00:07:18

Health: -3/108     AC:  1    Str: 21    XL:     10   Next: 24%
Magic:  10/10      EV: 17    Int: 14    God:    Trog [****..]
Gold:   200        SH:  0    Dex: 13    Spells: 0 memorised, 9 levels left

rFire  . . .     SeeInvis .     z - +11 great sword "Koixus" {pain, Int+4}
rCold  x . .     Gourm    .     (shield currently unavailable)
rNeg   + + .     Faith    .     (helmet restricted)
rPois  .         Spirit   .     f - amulet of inaccuracy (curse)
rElec  .         Dismiss  .     F - ring "Inabb" {+Fly rC- rN++ Dex-2 Stlth+}
rCorr  .         Reflect  .     (no ring)
MR     ++...     Harm     .     (no ring)
Stlth  ..........               (no ring)
                                (no ring)
                                (no ring)
                                (no ring)
                                (no ring)

@: berserking, lethally poisoned (-3 -> -7), regenerating, very quick
A: almost no armour, amphibious, 8 rings, constrict 8, camouflage 1, gelatinous
body 1
a: Berserk, Trog's Hand, Brothers in Arms, Burn Spellbooks, Renounce Religion,
Evoke Flight


You were on level 8 of the Dungeon.
You worshipped Trog.
Trog was greatly pleased with you.
You were not hungry.

You visited 1 branch of the dungeon, and saw 8 of its levels.

You collected 418 gold pieces.
You spent 218 gold pieces at shops.

Inventory:

Hand Weapons
 a - a +0 falchion
 s - a +0 short sword of venom
 z - the +11 great sword "Koixus" (weapon) {pain, Int+4}
   (You bought it in a shop on level 4 of the Dungeon)

   In the hands of one skilled in necromantic magic, it inflicts extra damage on
   living creatures.
   It affects your intelligence (+4).
Jewellery
 f - a cursed amulet of inaccuracy (around mantle)
 F - the ring "Inabb" (left tentacle) {+Fly rC- rN++ Dex-2 Stlth+}
   (You found it on level 6 of the Dungeon)

   [ring of stealth]

   It affects your dexterity (-2).
   It makes you vulnerable to cold.
   It greatly protects you from negative energy.
   It lets you fly.
   It makes you more stealthy.
Wands
 x - a wand of confusion (19/48)
 A - a wand of acid (5/15)
Scrolls
 c - a scroll of teleportation {unknown}
 e - 10 scrolls of identify {unknown}
 g - 4 scrolls of recharging {unknown}
 i - 3 scrolls of magic mapping {unknown}
 j - 6 scrolls of enchant armour {unknown}
 m - 2 scrolls of blinking {unknown}
 p - 4 scrolls of fog {unknown}
 r - 2 scrolls of fear {unknown}
 v - a scroll of random uselessness {unknown}
 w - a scroll of enchant weapon {unknown}
 y - 2 scrolls of immolation {unknown}
 C - a scroll of noise {unknown}
 E - 3 scrolls of remove curse {unknown}
Potions
 d - a potion of might {unknown}
 k - 3 potions of flight {unknown}
 n - a potion of heal wounds
 o - 3 potions of haste {unknown}
 q - a potion of ambrosia {unknown}
 t - a potion of berserk rage {unknown}
 u - 5 potions of curing {unknown}
 D - a potion of cancellation {unknown}
 G - a potion of lignification {unknown}
 I - a potion of agility {unknown}
Books
 B - a book of Unlife

   Spells                             Type                      Level
   a - Recall                         Summoning/Translocation      3
   b - Animate Dead                   Necromancy                   4
   c - Control Undead                 Necromancy                   4
   d - Cigotuvi's Embrace             Necromancy                   5
   e - Death Channel                  Necromancy                   6
   f - Simulacrum                     Ice/Necromancy               6
   Trog disapproves of the use of such an item.
Comestibles
 b - 7 bread rations
 h - 4 fruits
 l - 6 meat rations
 H - 2 chunks of flesh
 J - a beef jerky


   Skills:
 + Level 7.7 Fighting
 * Level 10.7 Long Blades
 + Level 7.9 Dodging


You had 9 spell levels left.
You didn't know any spells.

Dungeon Overview and Level Annotations

Branches:
Dungeon (8/15)             Temple (0/1) D:6
   Lair: D:8-11

Altars:
Dithmenos
Ru

Shops:
D:4 (


Innate Abilities, Weirdness & Mutations

You cannot wear most types of armour.
You are amphibious.
You can wear up to eight rings at the same time.
You can use your tentacles to constrict eight enemies at once.
Your skin changes colour to match your surroundings (Stealth+).
Your rubbery body absorbs attacks. (AC +1, EV +1)


Message History

Unknown command.
You are too injured to fight recklessly!
Unknown command.
You miss the killer bee. Your grab misses the killer bee.
Your squeeze misses the killer bee. You constrict the killer bee.
You feel sick. The killer bee stings you.
* * * LOW HITPOINT WARNING * * *
The killer bee stings you.
* * * LOW HITPOINT WARNING * * *
The killer bee misses you. The killer bee stings you!
* * * LOW HITPOINT WARNING * * *
You are more poisoned.
The killer bee poisons you!
The orc moves out of view.
The killer bee stings you.
* * * LOW HITPOINT WARNING * * *
You miss the killer bee. Your grab misses the killer bee.
You constrict the killer bee.
* * * LOW HITPOINT WARNING * * *
You feel sick. The killer bee stings you!
You die...

#...#...........#... ...
#)..##.....###..#.###...
#...##<.............+...
###...########........#...
#..)................).+...
#.###########.....#...#...
#.).....#####≈≈≈#.#≈≈≈....
#........#y≈≈≈≈≈#.#≈≈≈≈≈≈#
#........@yy≈≈(≈#.#≈≈≈≈≈≈y
#.)......#y≈≈≈≈≈#.#≈≈≈≈≈≈#
#........####≈)≈#.#≈≈≈##.#
#........# #.(...#......#
#........# ###(....######
#[.......# #)..........
##.....### ##.y........
####'###### ##.#......≈
#######'(.(..# #...≈....≈


You could see 4 killer bees.

Vanquished Creatures
  The ghost of Deemzul the Carver, a novice OpBe of Trog (D:8)
  A polar bear (D:8)
  Sigmund (D:2)
  Eustachio (D:6)
  3 water moccasins
  The ghost of KuKumber the Ruffian, an amateur TrAK of Lugonu (D:4)
  An ice beast (D:6)
  2 orc warriors
  3 ogres
  A phantom (D:4)
  3 centaurs
  A big kobold (D:8)
  A giant frog (D:7)
  A scorpion (D:7)
  2 killer bees (D:8)
  5 wights (D:8)
  An electric eel (D:8)
  A centaur zombie (D:8)
  A crimson imp (D:4)
  A howler monkey (D:5)
  A quasit (D:6)
  3 hounds
  A wyvern simulacrum (D:8)
  A jelly (D:5)
  6 orc priests
  An iguana (D:8)
  3 orc wizards
  A giant frog skeleton (D:6)
  2 gnoll shamans
  7 worker ants
  A killer bee zombie (D:8)
  A giant frog simulacrum (D:8)
  9 gnolls
  7 adders
  A shadow imp (D:6)
  A white imp (D:8)
  An ufetubus (D:8)
  An adder skeleton (D:5)
  4 worms
  4 dart slugs
  2 giant geckos
  19 orcs
  3 ball pythons
  4 giant cockroaches
  8 hobgoblins
  15 jackals
  18 kobolds
  4 quokkas
  5 bats
  A giant gecko skeleton (D:7)
  4 giant newts
  5 goblins
  A quokka skeleton (D:4)
  4 rats
181 creatures vanquished.

Notes
Turn   | Place    | Note
-------+----------+-------------------------------------------
     0 | D:1      | Deemzul the Octopode Berserker began the quest for the Orb.
     0 | D:1      | Reached XP level 1. HP: 16/16 MP: 1/1
    30 | D:1      | Reached XP level 2. HP: 21/21 MP: 2/2
   484 | D:2      | Reached XP level 3. HP: 26/26 MP: 3/3
   487 | D:2      | Noticed Sigmund
   560 | D:2      | Killed Sigmund
   560 | D:2      | Reached skill level 4 in Long Blades
   560 | D:2      | Reached XP level 4. HP: 28/33 MP: 4/4
   560 | D:2      | Reached XP level 5. HP: 31/37 MP: 5/5
   704 | D:2      | Reached ** piety under Trog
  1050 | D:2      | Reached skill level 5 in Long Blades
  1319 | D:3      | Reached XP level 6. HP: 43/43 MP: 6/6
  1631 | D:3      | Found a sacrificial altar of Ru.
  1799 | D:4      | Found Medogiz's Antique Weapon Boutique.
  1918 | D:4      | Reached *** piety under Trog
  2224 | D:5      | Entered Level 5 of the Dungeon
  2302 | D:5      | Found a shadowy altar of Dithmenos.
  2477 | D:5      | Reached XP level 7. HP: 49/49 MP: 7/7
  2516 | D:5      | Reached skill level 6 in Long Blades
  3017 | D:4      | Bought a steaming great sword for 218 gold pieces
  3017 | D:4      | Identified the +11 great sword "Koixus" {pain, Int+4} (You bought it in a shop on level 4 of the Dungeon)
  3024 | D:4      | Noticed KuKumber's ghost (amateur TrAK)
  3033 | D:4      | Killed KuKumber's ghost
  3033 | D:4      | Reached skill level 5 in Dodging
  3369 | D:4      | Reached skill level 5 in Fighting
  3369 | D:4      | Reached skill level 7 in Long Blades
  3406 | D:4      | Reached XP level 8. HP: 51/55 MP: 8/8
  3919 | D:6      | Noticed Eustachio
  3925 | D:6      | Killed Eustachio
  4030 | D:6      | Reached **** piety under Trog
  4053 | D:6      | Reached skill level 8 in Long Blades
  4342 | D:6      | Got a faintly glowing brass ring
  4347 | D:6      | Found a staircase to the Ecumenical Temple.
  4348 | D:6      | Identified the ring "Inabb" {+Fly rC- rN++ Dex-2 Stlth+} (You found it on level 6 of the Dungeon)
  4475 | D:6      | Reached XP level 9. HP: 50/62 MP: 9/9
  5063 | D:7      | Reached skill level 9 in Long Blades
  5886 | D:8      | HP: 2/63 [centaur/arrow (13)]
  6095 | D:8      | Reached skill level 10 in Long Blades
  6139 | D:8      | Noticed Deemzul's ghost (novice OpBe)
  6151 | D:8      | Killed Deemzul's ghost
  6151 | D:8      | Reached XP level 10. HP: 29/71 MP: 10/10
  6399 | D:8      | Reached ***** piety under Trog
  6446 | D:8      | HP: 5/108 [poisoned by a killer bee]
  6446 | D:8      | Slain by a killer bee

Vault maps used:
D:1:      roderic_crop_circles_arrival_small
D:2:      uniq_sigmund
D:3:      first_bread, nicolae_ru_sacrificial_ziggurat
D:4:      serial_shops, nicolae_shop_waterfront
D:5:      nicolae_dithmenos_through_a_glass_darkly
D:6:      uniq_eustachio
D:8:      serial_ice, serial_ice_m, serial_ice_l, serial_ice_b, serial_ice_g

Skill      XL: |  1  2  3  4  5  6  7  8  9 |
---------------+----------------------------+-----
Long Blades    | 4 5 7 8 10 | 10.7
Dodging        | 4 5 6 7 |  7.9
Fighting       | 4 5 6 7 |  7.7

Action                   |  1- 3 |  4- 6 |  7- 9 | 10-12 || total
-------------------------+-------+-------+-------+-------++-------
Melee: Falchion          |    62 |   139 |    57 |       ||   258
       Constrict         |    14 |    33 |    42 |     3 ||    92
       Tentacles         |    12 |    22 |    40 |     4 ||    78
       Great sword       |       |       |   175 |    23 ||   198
Invok: Berserk           |     1 |     2 |     3 |     1 ||     7
       Trog's Hand       |       |     1 |     1 |     1 ||     3
  Use: Potion            |       |       |     1 |     1 ||     2
 Stab: Sleeping          |     3 |     8 |     8 |       ||    19
       Distracted        |       |       |     1 |       ||     1
  Eat: Chunk             |       |     7 |    17 |     1 ||    25
Armor: Skin              |     4 |     6 |     3 |     1 ||    14
Dodge: Dodged            |    37 |    67 |   126 |    25 ||   255
